 Dungeon Crawl Stone Soup version 0.29.0-7-g18a832c13a (webtiles) character file.

Game seed: 12310705685461843032

809 owoPain the Slasher (level 7, 0/61 HPs)
             Began as a Minotaur Berserker on Aug 31, 2022.
             Was a Believer of Trog.
             Succumbed to an orc's poison
             ... on level 5 of the Dungeon.
             The game lasted 00:32:53 (4665 turns).

owoPain the Slasher (Minotaur Berserker)            Turns: 4665, Time: 00:32:54

Health: 0/61       AC:  7    Str: 23    XL:     7   Next: 61%
Magic:  6/6        EV: 11    Int:  4    God:    Trog [**....]
Gold:   182        SH:  0    Dex: 10    Spells: 6/6 levels left

rFire   . . .      SeeInvis .   Z - +7 halberd of Terror {vorpal, +Blink rN+}
rCold   . . .      Faith    .   (shield currently unavailable)
rNeg    + . .      Spirit   .   B - +0 scale mail
rPois   .          Reflect  .   (helmet restricted)
rElec   .          Harm     .   (no cloak)
rCorr   .          Rampage  .   (no gloves)
Will    .....                   (no boots)
Stlth   ..........              (no amulet)
HPRegen 0.20/turn               V - ring of flight
MPRegen 0.10/turn               (no ring)

@: lethally poisoned (0 -> -3), on berserk cooldown, flying, slowed, very slow
A: horns 2, retaliatory headbutt
a: Renounce Religion, Evoke Blink, Berserk, Trog's Hand


You were on level 5 of the Dungeon.
You worshipped Trog.
Trog was pleased with you.
You visited 2 branches of the dungeon, and saw 6 of its levels.

You collected 182 gold pieces.

Inventory:

Hand Weapons
 a - a +0 falchion
 e - a +0 club
 j - a -1 mace
 m - a +0 club
 n - a +0 dagger
 q - a +1 trident of venom
 u - a +0 dagger
 z - a +1 vampiric dagger
 C - a +0 sling
 D - a +0 club
 E - a +0 club
 F - a +0 club
 G - a +0 club
 H - a +0 dagger
 I - a +0 dagger
 J - a +0 dagger
 K - a +0 short sword
 Q - a +0 flail
 X - the +4 eveningstar "Bexistiy" {drain, Str+3 Stlth+}
   (You found it on level 4 of the Dungeon)

   A truly terrible weapon, it drains the life of any living foe it strikes.
   Str:       It affects your strength (+3).
   Stlth:     It makes you more stealthy.
 Z - the +7 halberd of Terror (weapon) {vorpal, +Blink rN+}
   (You acquired it on level 4 of the Dungeon)

   It inflicts extra damage upon your enemies.
   rN:        It protects you from negative energy.
   +Blink:    It lets you blink.
Missiles
 o - 45 stones (quivered)
 y - 5 poisoned darts
 P - 2 javelins
Armour
 b - a +0 animal skin
 c - a +0 ring mail
 g - a +0 robe
 i - a +0 helmet
 s - a +0 ring mail
 x - the +1 robe of the Nexus {Fly Slay+2}
   (You found it on level 3 of the Dungeon)

   Slay:      It affects your accuracy & damage with ranged weapons and melee
   (+2).
   Fly:       It grants you flight.
 B - a +0 scale mail (worn)
 L - a +0 leather armour
 M - a +0 ring mail
 N - a +0 scale mail
Magical Staves
 w - a staff of air
Jewellery
 V - a ring of flight (left hand)
Scrolls
 d - 3 scrolls of enchant weapon
 f - 5 scrolls of teleportation
 h - 2 scrolls of acquirement
 k - a scroll of identify {unknown}
 p - a scroll of silence {unknown}
 r - 2 scrolls of poison {unknown}
 O - a scroll of enchant armour {unknown}
 Y - a scroll of amnesia {unknown}
Potions
 l - a potion of invisibility {unknown}
 t - a potion of mutation {unknown}
 v - 3 potions of heal wounds {unknown}
 A - a potion of haste {unknown}
 R - a potion of lignification {unknown}
 S - 2 potions of curing {unknown}
 T - a potion of degeneration {unknown}
 U - a potion of resistance {unknown}
 W - 2 potions of berserk rage {unknown}


   Skills:
 + Level 5.4 Fighting
 + Level 5.9 Long Blades
 + Level 0.1 Maces & Flails
 + Level 5.1 Polearms
 + Level 5.9 Armour
 + Level 3.2 Dodging
 + Level 0.1 Stealth


You had 6 spell levels left.
You didn't know any spells.
Your spell library contained the following spells:

 Spells                   Type           Power      Damage    Failure   Level
 Sting                    Tmut/Pois      0%         1d3       80%         1
 Poisonous Vapours        Pois/Air       0%         N/A       90%         2
 Ignite Poison            Fire/Tmut/Pois 0%         N/A       99%         3
 Mephitic Cloud           Conj/Pois/Air  0%         N/A       99%         3
 Olgreb's Toxic Radiance  Pois           0%         N/A       100%        4
 Freezing Cloud           Conj/Ice/Air   0%         6-21      100%        5


Dungeon Overview and Level Annotations

Branches:
Dungeon (5/15)             Temple (1/1) D:4

Altars:
Cheibriados
Dithmenos
Elyvilon
Fedhas
Gozag
Hepliaklqana
Kikubaaqudgha
Nemelex Xobeh
Okawaru
Ru
Sif Muna
Trog
Uskayaw
Yredelemnul
Zin

Shops:
D:4 =   D:5 *


Innate Abilities, Weirdness & Mutations

You have a pair of horns on your head.
You reflexively headbutt those who attack you in melee.


Message History

The orc hits you but does no damage.
You barely miss the orc.
You feel sick. The orc hits you with a +0 mace.
* * * LOW HITPOINT WARNING * * *
The orc hits you but does no damage.
The orc hits you with a +1 hand axe of venom.
* * * LOW HITPOINT WARNING * * *
You are too injured to fight recklessly!
You are too berserk!
You barely miss the orc.
The orc hits you with a +1 hand axe of venom.
* * * LOW HITPOINT WARNING * * *
You are lethally poisoned!
The orc hits you but does no damage. The orc barely misses you.
You are too berserk!
You are too berserk!
You closely miss the orc.
* * * LOW HITPOINT WARNING * * *
You feel very sick.
You puncture the orc!
You kill the orc!
Trog accepts your kill.
* * * LOW HITPOINT WARNING * * *
You feel sick.
The orc barely misses you. x2; You furiously retaliate!
You headbutt the orc!!
You kill the orc!
Trog accepts your kill.
You slice the orc!!
You kill the orc!
Trog accepts your kill.
* * * LOW HITPOINT WARNING * * *
You feel sick.
* * * LOW HITPOINT WARNING * * *
You feel sick.
You feel a strong urge to attack something.
* * * LOW HITPOINT WARNING * * *
You feel sick.
You feel your anger nearly subside.
You are no longer berserk.
You are exhausted.
You feel yourself slow down.
You die...

..... #.....
#.......> ##........
#.........
##.........
..#########)).......
#.....)..).@).....#
.......####)..†####
....... #....##
....... #.....##
....... #......##
....... #.......#
....... ##.......##
....... #..#......#
### ##..####..##
##..


There were no monsters in sight!

Vanquished Creatures
  Pargi (D:3)
  A black bear (D:4)
  A phantom (D:4)
  A necrophage (D:4)
  A scorpion (D:5)
  A howler monkey (D:5)
  3 orc priests
  4 iguanas
  An orc wizard (D:4)
  5 adders
  3 gnolls (D:4)
  18 orcs
  6 endoplasms
  A giant cockroach (D:4)
  8 hobgoblins
  4 jackals (D:4)
  11 kobolds
  4 quokkas
  2 ball pythons
  4 bats
  3 goblins (D:3)
83 creatures vanquished.

Notes
Turn   | Place    | Note
-------+----------+-------------------------------------------
     0 | D:1      | owoPain the Minotaur Berserker began the quest for the Orb.
     0 | D:1      | Reached XP level 1. HP: 19/19 MP: 0/0
   190 | D:1      | Found a faded altar of an unknown god.
   478 | D:1      | Reached XP level 2. HP: 25/27 MP: 1/1
   875 | D:2      | You fall into a shaft and drop 1 floor!
   886 | D:3      | Identified the +1 robe of the Nexus {Fly Slay+2}
  1058 | D:3      | Reached XP level 3. HP: 22/33 MP: 2/2
  1224 | D:3      | Reached ** piety under Trog
  1458 | D:3      | Noticed Pargi
  1482 | D:3      | Killed Pargi
  1483 | D:3      | Reached skill level 5 in Long Blades
  1483 | D:3      | Reached XP level 4. HP: 11/41 MP: 3/3
  1483 | D:3      | Reached XP level 5. HP: 12/47 MP: 4/4
  2565 | D:4      | Found Diejuidd's Jewellery Boutique.
  2707 | D:4      | Noticed a black bear
  2714 | D:4      | Killed a black bear
  2715 | D:4      | Reached skill level 5 in Fighting
  2715 | D:4      | Reached skill level 1 in Polearms
  2715 | D:4      | Reached XP level 6. HP: 56/56 MP: 5/5
  3295 | D:4      | Found a staircase to the Ecumenical Temple.
  3331 | D:4      | Found a bloodstained altar of Trog.
  3405 | D:4      | Reached skill level 5 in Armour
  3413 | D:4      | Reached XP level 7. HP: 61/61 MP: 6/6
  3829 | D:4      | Identified the +4 eveningstar "Bexistiy" {drain, Str+3
                  | Stlth+}
  4071 | D:4      | Identified 3 scrolls of acquirement
  4071 | D:4      | Acquired the +7 halberd of Terror {vorpal, +Blink rN+}
  4105 | Temple   | Entered the Ecumenical Temple
  4451 | D:5      | Entered Level 5 of the Dungeon
  4508 | D:5      | Found Cunesoagg's CLEARANCE SALE!.
  4587 | D:5      | Reached skill level 5 in Polearms
  4661 | D:5      | HP: 3/91 [poisoned by an orc]
  4663 | D:5      | HP: 1/91 [poisoned by an orc]
  4665 | D:5      | Succumbed to an orc's poison

Illustrated notes

Levels and vault maps discovered:
D:1:      dpeg_arrival_ternary, layout_loops_ring, ebering_ecumenical_altar_rust
D:2:      minmay_thinvault, layout_basic, uniq_robin
D:3:      layout_basic, hangedman_feature_mirror, st_stairs_13,
          nicolae_elevator_lobby_asterisk, uniq_pargi
D:4:      layout_basic, mainiacjoe_overflow_chevrons,
          minmay_temple_entry_statues_fountains, serial_shops, shop,
          minmay_pentangle
D:5:      layout_cave_pods, tso_metal_star, kennysheep_nondescript,
          nicolae_shop_clearance, uniq_blork_the_orc
Temple:   bh_familiar_temple

Skill      XL: |  1  2  3  4  5  6  7 |
---------------+----------------------+-----
Long Blades    | 4 5 |  5.9
Fighting       | 4 5 |  5.4
Armour         | 3 4 5 |  5.9
Polearms       | 1 3 5 |  5.1
Dodging        | 3 |  3.2
Maces & Flails | |  0.1
Stealth        | |  0.1

Action                   |  1- 3 |  4- 6 |  7- 9 || total
-------------------------+-------+-------+-------++-------
Melee: Falchion          |    71 |     2 |       ||    73
       Headbutt          |     8 |    12 |     3 ||    23
       Trident           |       |    79 |    22 ||   101
       Halberd           |       |       |    25 ||    25
       Eveningstar       |       |       |     1 ||     1
Invok: Berserk           |       |     5 |     2 ||     7
       Trog's Hand       |       |     1 |       ||     1
  Use: Potion            |     1 |       |       ||     1
       Scroll            |       |       |     3 ||     3
Armor: Ring mail         |    15 |       |       ||    15
       Scale mail        |    22 |    27 |    24 ||    73
Dodge: Dodged            |    41 |    35 |    26 ||   102
